 Dungeon Crawl Stone Soup version 0.31.0-9-g3a7656b989 (webtiles) character file.

Game seed: 7382546597739172144

50 monsoonserge the Ducker (level 3, 0/19 HPs)
             Began as a Spriggan Monk on Jan 25, 2024.
             Killed from afar by Sigmund (8 damage)
             ... with a magic dart
             ... on level 2 of the Dungeon.
             The game lasted 00:05:08 (1261 turns).

monsoonserge the Ducker (Spriggan Monk)             Turns: 1261, Time: 00:05:09

Health: 0/19       AC:  2    Str:  7    XL:     3   Next: 55%
Magic:  4/4        EV: 19    Int: 11    God:
Gold:   118        SH:  0    Dex: 19    Spells: 2/2 levels left

rFire   . . .        g - +2 dagger (elec)
rCold   . . .        d - orb {light}
rNeg    . . .        b - +0 robe
rPois   .            (helmet restricted)
rElec   .            (no cloak)
rCorr   .            (gloves unavailable)
SInv    +            (boots unavailable)
Will    .....        (no amulet)
Stlth   +            a - ring of wizardry
HPRegen 0.23/turn    (no ring)
MPRegen 0.09/turn

%: wizardry (x1)
@: glowing, very quick
A: very small, no large weapons, unfitting armour, see invisible, speed 3
a: no special abilities


You were on level 2 of the Dungeon.
You visited 1 branch of the dungeon, and saw 2 of its levels.

You collected 118 gold pieces.

Inventory:

Hand Weapons
 g - a +2 dagger of electrocution (weapon)
Missiles
 f - 4 poisoned darts (quivered)
Armour
 b - a +0 robe (worn)
 d - an orb of light (worn)
Jewellery
 a - a ring of wizardry (left hand)
Scrolls
 c - a scroll of enchant armour {unknown}
 h - a scroll of fear {unknown}
 i - a scroll of silence {unknown}
 j - a scroll of identify {unknown}
Potions
 e - a potion of magic {unknown}
 k - a potion of mutation {unknown}


   Skills:
 + Level 2.8 Fighting
 * Level 4.1 Short Blades
 + Level 4.7 Dodging


You had 2 spell levels left.
You didn't know any spells.
Your spell library contained the following spells:

 Spells                   Type           Power      Damage    Failure   Level
 Volatile Blastmotes      Fire/Tloc      0%         2d10      38%         3
 Fulminant Prism          Conj/Alch      0%         3d5       77%         4
 Iskenderun's Mystic Bla  Conj/Tloc      0%         2d3       77%         4


Dungeon Overview and Level Annotations

Branches:
Dungeon (2/15)

Altars:
The Shining One

Annotations:
D:2 Sigmund


Innate Abilities, Weirdness & Mutations

You are very small and have problems with some larger weapons.
You are too small for most types of armour.
You have supernaturally acute eyesight. (SInv)
You cover ground extremely quickly. (Speed+++)


Message History

A goblin comes into view. It is wielding a +0 dagger.
There is a stone staircase leading up here.
You climb upwards.
There is a stone staircase leading down here.
You see here a +0 club.
There is a stone staircase leading down here.
You climb downwards.
Level annotation: Sigmund
There is a stone staircase leading up here.
There is a stone staircase leading up here.
You climb upwards.
There is a stone staircase leading down here.
You see here a +0 club.
There is a stone staircase leading down here.
You climb downwards.
Level annotation: Sigmund The goblin shouts!
Sigmund zaps a wand.
The puff of flame hits you!
There is a stone staircase leading up here.
The goblin barely misses you.
You climb upwards.
There is a stone staircase leading down here.
You hit the goblin.
The goblin is heavily wounded.
The goblin hits you with a +0 dagger.
You hit the goblin.
The goblin is severely wounded.
The goblin hits you with a +0 dagger.
You hit the goblin.
You kill the goblin!
You now have 118 gold pieces (gained 8).
You see here a +0 dagger.
There is a stone staircase leading down here.
You can't go up here!
You climb downwards.
Level annotation: Sigmund Sigmund casts a spell at you.
The magic dart hits you!
You die...
Sigmund begins carving another notch in his scythe.

......~~≈≈~#.......#####.........
#....~≈≈~~......................
###.##~≈≈~##.....................
#..88~g≈≈~88........###.........)
........................)........
..............@.....#####.#......
...88~≈≈~~88.....##..# #..#..#...
####~@≈≈~..#####.##..###.#.......
####~≈≈~~..# #@..........##(<..
.##.~≈≈~#### ####.......###....
.##~~≈≈~# #.......##.....
...~≈≈~~# ###.............
...~≈≈~###########.............÷.
#.#~≈≈~..........................
#.~~≈≈~###.......#...............
.[~≈≈~~.........##...#.####......
..~≈≈~...#......##.##..# ##.....


You could see Sigmund.

Vanquished Creatures
  An adder (D:2)
  2 ball pythons
  A bat (D:2)
  6 endoplasms
  A giant cockroach (D:1)
  6 goblins
  6 hobgoblins
  A quokka (D:2)
  A frilled lizard (D:1)
  7 kobolds
  3 rats
35 creatures vanquished.

Notes
Turn   | Place    | Note
-------+----------+-------------------------------------------
     0 | D:1      | monsoonserge the Spriggan Monk began the quest for the Orb.
     0 | D:1      | Reached XP level 1. HP: 11/11 MP: 2/2
   198 | D:1      | Reached XP level 2. HP: 16/16 MP: 3/3
   317 | D:1      | Found a faded altar of an unknown god.
   791 | D:2      | Noticed Sigmund
   868 | D:2      | Found a glowing golden altar of the Shining One.
   914 | D:2      | Reached XP level 3. HP: 19/19 MP: 4/4
  1261 | D:2      | Killed from afar by Sigmund

Illustrated notes

Levels and vault maps discovered:
D:1:      wander_arrival_desolate, layout_loops_cross,
          shapermc_ecumenical_altar_ellora
D:2:      wander_river, layout_rooms, basic_altar, minmay_misc_feat_room,
          uniq_sigmund

Skill      XL: |  1  2  3 |
---------------+----------+-----
Short Blades   | 4 |  4.1
Fighting       | |  2.8
Dodging        | |  4.7

Action                     || total
---------------------------++-------
  Melee: Short sword       ||    41
         Dagger            ||    62
  Throw: Dart              ||     2
    Use: Potion            ||     1
 Armour: Robe              ||    28
  Dodge: Dodged            ||    67
